 Dungeon Crawl Stone Soup version 0.28.0-53-g5a82cb258f (webtiles) character file.

Game seed: 11232876002560000567

9 Descartes the Sneak (level 2, -2/16 HPs)
             Began as a Spriggan Delver on July 5, 2022.
             Slain by a gnoll
             ... wielding a +0 spear
              (4 damage)
             ... on level 4 of the Dungeon.
             The game lasted 00:00:20 (39 turns).

Descartes the Sneak (Spriggan Delver)                 Turns: 39, Time: 00:00:20

Health: -2/16      AC:  2    Str:  8    XL:     2   Next: 6%
Magic:  3/3        EV: 17    Int: 11    God:
Gold:   0          SH:  0    Dex: 16    Spells: 1/1 levels left

rFire   . . .      SeeInvis +   a - +0 short sword
rCold   . . .      Faith    .   (no shield)
rNeg    . . .      Spirit   .   b - +0 robe
rPois   .          Reflect  .   (helmet restricted)
rElec   .          Harm     .   (no cloak)
rCorr   .          Rampage  .   (gloves unavailable)
Will    .....                   (boots unavailable)
Stlth   ++++......              (no amulet)
HPRegen 0.05/turn               (no ring)
MPRegen 0.08/turn               (no ring)

@: very quick
A: very small, no large weapons, unfitting armour, see invisible, speed 3
a: no special abilities


You were on level 4 of the Dungeon.
You visited 1 branch of the dungeon, and saw 2 of its levels.

Inventory:

Hand Weapons
 a - a +0 short sword (weapon)
Armour
 b - a +0 robe (worn)
Wands
 g - a wand of digging (3)
Scrolls
 c - a scroll of fog
 d - a scroll of magic mapping
 e - a scroll of fear
Potions
 f - a potion of haste


   Skills:
 - Level 2.4 Fighting
 + Level 2.4 Short Blades
 + Level 3.0 Dodging
 * Level 7.6 Stealth


You had one spell level left.
You didn't know any spells.
Your spell library was empty.

Dungeon Overview and Level Annotations

Branches:
Dungeon (5/15)
 Temple: D:4-7

Altars:

Annotations:
D:5 Pikel


Innate Abilities, Weirdness & Mutations

You are very small and have problems with some larger weapons.
You are too small for most types of armour.
You have supernaturally acute eyesight. (SInv)
You cover ground extremely quickly. (Speed+++)


Message History

Found a chain mail.
A sky beast comes into view.
A lemure comes into view.
An orc comes into view. It is wielding a +0 dagger.
Found a stone staircase leading up.
The lemure shouts!
The orc shouts!
You hear a shout!
A lemure comes into view.
You hit the sky beast.
The sky beast is lightly wounded.
The sky beast closely misses you.
You hit the sky beast but do no damage.
The sky beast is lightly wounded.
The sky beast hits you. The sky beast shocks you.
Ouch! That really hurt!
* * * LOW HITPOINT WARNING * * *
A lemure comes into view.
You are too injured to fight recklessly!
The sky beast closely misses you.
The orc complains loudly.
Pikel, Merchant of Souls comes into view.
He is wielding a +2 whip of flaming.
A lemure comes into view.
The sky beast flickers out of sight for a moment.
There is a stone staircase leading up here.
You climb upwards.
Found 12 gold pieces and 3 boomerangs.
There is a stone staircase leading down here. 2 gnolls come into view.
The helpless gnoll fails to defend itself.
You impale the gnoll!!
You kill the gnoll!
Your Dodging skill increases to level 3!
You have reached level 2!
The gnoll shouts! x2
You hit the gnoll.
The gnoll is lightly wounded.
The gnoll barely misses you.
You hit the gnoll but do no damage.
The gnoll is lightly wounded.
The gnoll hits you with a +0 spear.
You die...

##..###.#
##......(#
..........
.........#
.........#
.........### #
#........##.#
#....>..)...#
#....##.@.#...#
#.......g.# #
......#.....$.
.....###.gg.....
....#
#....##.... #...
#..... #... ###
##..... ...
...... #.


You could see 3 gnolls.

Vanquished Creatures
  A gnoll (D:4)
1 creature vanquished.

Notes
Turn   | Place    | Note
-------+----------+-------------------------------------------
     0 | D:5      | Descartes the Spriggan Delver began the quest for the Orb.
     0 | D:5      | Reached XP level 1. HP: 11/11 MP: 2/2
    13 | D:5      | Noticed a sky beast
    14 | D:5      | Noticed a lemure
    17 | D:5      | Noticed a lemure
    20 | D:5      | Noticed a lemure
    28 | D:5      | Noticed Pikel
    30 | D:5      | Noticed a lemure
    37 | D:4      | Reached XP level 2. HP: 2/16 MP: 3/3
    39 | D:4      | Slain by a gnoll

Illustrated notes

Levels and vault maps discovered:
D:4:      layout_cave_pools, mainiacjoe_overflow_cross_hatched, serial_shops,
          shop
D:5:      layout_rooms, minivault_5, uniq_sigmund, uniq_pikel,
          uniq_prince_ribbit1

Skill      XL: |  1 |
---------------+----+-----
Dodging        | 3 |  3.0
Fighting       | |  2.4
Short Blades   | |  2.4
Stealth        | |  7.6

Action                   || total
-------------------------++-------
Melee: Short sword       ||     5
 Stab: Sleeping          ||     1
Dodge: Dodged            ||     3
